 Dungeon Crawl Stone Soup version 0.19-a0-1903-gead39cf (webtiles) character file.

946 pkoi the Carver (level 8, -5/58 HPs)
             Began as a Formicid Fighter on Oct 20, 2016.
             Killed by divine providence
             ... invoked by an orc priest
              (12 damage)
             ... on level 6 of the Dungeon.
             The game lasted 00:08:24 (4927 turns).

pkoi the Carver (Formicid Fighter)                  Turns: 4927, Time: 00:08:24

Health: -5/58      AC:  9    Str: 24    XL:     8   Next: 35%
Magic:  8/8        EV:  8    Int:  7    God:
Gold:   200        SH: 10    Dex: 10    Spells: 0 memorised, 7 levels left

rFire  . . .     SeeInvis +     a - +0 long sword
rCold  . . .     Gourm    .     b - +0 scale mail
rNeg   . . .     Faith    .     c - +1 shield
rPois  .         Spirit   .     (helmet unavailable)
rElec  .         Reflect  .     h - +0 cloak
rCorr  .         Harm     .     k - +0 pair of gloves
MR     .....                    (no boots)
Stlth  ..........               j - amulet of magic regeneration
                                (no ring)
                                (no ring)

@: no status effects
A: permanent stasis, dig shafts and tunnels, four strong arms, antennae 3
a: Dig, Shaft Self


You were on level 6 of the Dungeon.
You were not hungry.

You visited 1 branch of the dungeon, and saw 6 of its levels.
You also visited: Sewer.

You collected 200 gold pieces.

Inventory:

Hand Weapons
 a - a +0 long sword (weapon)
Armour
 b - a +0 scale mail (worn)
 c - a +1 shield (worn)
 h - a +0 cloak (worn)
 k - a +0 pair of gloves (worn)
Jewellery
 j - an amulet of magic regeneration (around neck)
Wands
 t - a wand of iceblast (9/15)
Scrolls
 e - a scroll of enchant armour
 n - 2 scrolls of remove curse
 r - a scroll of identify
Potions
 d - 2 potions of invisibility {unknown}
 i - 7 potions of curing
 m - a potion of heal wounds
 p - 2 potions of haste {unknown}
 q - 3 potions of might
 s - 2 potions of magic {unknown}
 u - a potion of berserk rage {unknown}
 w - a potion of cure mutation {unknown}
Comestibles
 f - 5 bread rations
 g - 3 meat rations
 l - a royal jelly
 o - a slice of pizza


   Skills:
 - Level 3.2 Fighting
 + Level 9.3 Long Blades
 - Level 3.2 Armour
 - Level 3.6 Shields


You had 7 spell levels left.
You didn't know any spells.

Dungeon Overview and Level Annotations

Branches:
Dungeon (6/15)
 Temple: D:4-7

Altars:
Makhleb
Qazlal
Trog
Zin

Shops:
D:5 [


Innate Abilities, Weirdness & Mutations

You are under a permanent stasis effect.
You can dig through walls and to a lower floor.
Your four strong arms can wield two-handed weapons with a shield.
You have a pair of large antennae on your head. (SInv)


Message History

You are too injured to fight recklessly!
You feel better.
The orc priest shouts!
The giant cockroach barely misses you.
You riposte.
You hit the giant cockroach but do no damage.
The worker ant closely misses you. You block the orc priest's attack.
The orc wizard barely misses you.
You riposte.
You closely miss the orc wizard. The worker ant barely misses you.
You riposte.
You hit the worker ant.
The worker ant is almost dead.
The giant cockroach bites you but does no damage.
You block the worker ant's attack. The orc wizard closely misses you.
The orc priest invokes the aid of Beogh against you.
Beogh smites you!
* * * LOW HITPOINT WARNING * * *
The orc wizard hits you but does no damage.
The orc wizard mumbles some strange words.
The worker ant completely misses you.
The orc priest invokes the aid of Beogh against you.
Beogh smites you!
You die...

##.. ..... ......
...... ....###########
#.#..........#
#.....$......#
...#o..(..a...#
......?.o...oo@.##
...........s....<#
.....#...............#
.....#..........####..#
..../............. #
.....############.#
..... ... .. .#


You could see a worker ant, an orc priest, an orc wizard, an orc and a giant
cockroach.

Vanquished Creatures
  The ghost of hellotanjent the Shield-Bearer, an amateur GrFi (D:4)
  An ogre (D:5)
  A centaur (D:5)
  A crimson imp (D:5)
  4 orc wizards
  2 hounds
  2 iguanas
  Jessica (D:2)
  Terence (D:2)
  2 worker ants (D:5)
  9 adders
  2 shadow imps (D:5)
  An ooze (D:3)
  4 worms
  2 dart slugs (D:3)
  7 leopard geckos
  18 orcs
  9 giant cockroaches
  6 goblins
  10 hobgoblins
  13 jackals
  12 kobolds
  2 quokkas (D:5)
  6 ball pythons
  6 bats
  10 frilled lizards
  10 rats
  4 plants (Sewer)
147 creatures vanquished.

Notes
Turn   | Place    | Note
-------+----------+-------------------------------------------
     0 | D:1      | pkoi the Formicid Fighter began the quest for the Orb.
     0 | D:1      | Reached XP level 1. HP: 18/18 MP: 1/1
    99 | D:1      | Reached XP level 2. HP: 16/24 MP: 2/2
   337 | D:1      | Reached skill level 3 in Long Blades
   483 | D:1      | Reached XP level 3. HP: 29/29 MP: 3/3
   722 | D:2      | Found a glowing silver altar of Zin.
   921 | D:2      | Noticed Terence
   952 | D:2      | Killed Terence
   952 | D:2      | Reached skill level 4 in Long Blades
   952 | D:2      | Reached XP level 4. HP: 23/35 MP: 4/4
  1219 | D:2      | Noticed Jessica
  1230 | D:2      | Killed Jessica
  1541 | D:2      | Reached XP level 5. HP: 36/41 MP: 5/5
  1881 | D:2      | Reached skill level 5 in Long Blades
  2221 | D:3      | Reached XP level 6. HP: 39/47 MP: 6/6
  2319 | D:3      | Found a stormy altar of Qazlal.
  2481 | D:3      | Reached skill level 6 in Long Blades
  2752 | D:4      | Noticed hellotanjent's ghost (amateur GrFi)
  2778 | D:4      | Killed hellotanjent's ghost
  2778 | D:4      | Reached skill level 7 in Long Blades
  2778 | D:4      | Reached XP level 7. HP: 38/52 MP: 7/7
  2788 | D:4      | Found a glowing drain.
  2813 | Sewer    | Entered a sewer
  4091 | D:4      | Reached skill level 8 in Long Blades
  4148 | D:4      | You fall through a shaft!
  4148 | D:5      | Entered Level 5 of the Dungeon
  4230 | D:5      | Reached XP level 8. HP: 48/58 MP: 8/8
  4300 | D:5      | Reached skill level 9 in Long Blades
  4302 | D:5      | Found Nimolig's Armour Boutique.
  4506 | D:5      | Found a bloodstained altar of Trog.
  4827 | D:5      | Found a burning altar of Makhleb.
  4827 | D:5      | Noticed a green death
  4830 | D:5      | Noticed a ynoxinul
  4830 | D:5      | Noticed a ynoxinul
  4927 | D:6      | Killed from afar by an orc priest

Vault maps used:
D:1:      nagdon_arrival_zigzag_paths
D:2:      zin_academy, minmay_pentomino_s2, uniq_terence, uniq_jessica
D:3:      grunt_qazlal_sundering, first_bread, hangedman_decor_clover_reticule
D:4:      gup_sewer_entry_pipe, uniq_natasha, uniq_blork_the_orc
D:5:      kennysheep_little_box, makhleb_altar_promises_db, serial_shops, shop,
          st_stairs_5
D:6:      yredelemnul_altar_generic, grunt_decor_cap, uniq_grinder
Sewer:    sewer_co_scattered_pipes

Skill      XL: |  1  2  3  4  5  6  7  8 |
---------------+-------------------------+-----
Long Blades    | 3 4 5 7 8 9 |  9.3
Fighting       | |  3.2
Armour         | |  3.2
Shields        | |  3.6

Action                   |  1- 3 |  4- 6 |  7- 9 || total
-------------------------+-------+-------+-------++-------
Melee: Long sword        |   123 |   192 |   329 ||   644
  Use: Scroll            |     3 |     3 |     4 ||    10
       Potion            |       |     2 |     1 ||     3
  Eat: Chunk             |       |     6 |     9 ||    15
Armor: Scale mail        |    49 |    89 |   106 ||   244
Dodge: Dodged            |    27 |    78 |    75 ||   180
Block: Shield            |    71 |   136 |   147 ||   354
       Rpst.: Long sword |     7 |    27 |    26 ||    60
